 Dungeon Crawl Stone Soup version 0.28-a0-1613-gdaab1c2f9b (webtiles) character file.

Game seed: 17011948099154491765

20892 belegose the Fighter (level 12, -4/97 HPs)
             Began as a Gnoll Abyssal Knight on Jan 21, 2022.
             Was a Priest of Lugonu.
             Slain by Jorgrun (25 damage)
             ... on level 12 of the Dungeon.
             The game lasted 01:02:50 (20014 turns).

belegose the Fighter (Gnoll Abyssal Knight)        Turns: 20014, Time: 01:02:51

Health: -4/97      AC: 13    Str: 15    XL:     12   Next: 84%
Magic:  23/23      EV: 13    Int: 15    God:    Lugonu [***...]
Gold:   697        SH:  0    Dex: 12    Spells: 23/26 levels left

rFire   . . .      SeeInvis .   H - +2 broad axe (distort)
rCold   + . .      Faith    .   (no shield)
rNeg    . . .      Spirit   .   c - +1 ring mail "Luostrel" {Will+ rCorr Str+2}
rPois   .          Reflect  .   n - +0 helmet
rElec   .          Harm     .   U - +0 cloak
rCorr   +          Rampage  .   r - +0 pair of gloves
Will    ++...                   m - +0 pair of boots
Stlth   +++.......              P - amulet of the acrobat
HPRegen 0.26/turn               G - ring of willpower
MPRegen 0.18/turn               M - ring of protection from cold

@: no status effects
A: fangs 1, strong nose, distributed training
a: Renounce Religion, Depart the Abyss, Bend Space, Banish


You were on level 12 of the Dungeon.
You worshipped Lugonu.
Lugonu was most pleased with you.
You visited 2 branches of the dungeon, and saw 13 of its levels.
You visited the Abyss 1 time.

You collected 697 gold pieces.

Inventory:

Hand Weapons
 a - a +2 vampiric long sword
 b - the +6 shortbow "Eqireq" {speed, rC- Str+2 Int+6}
   (You found it on level 6 of the Dungeon)

   Attacks with this weapon are significantly faster.
   Str:       It affects your strength (+2).
   Int:       It affects your intelligence (+6).
   rC:        It makes you vulnerable to cold.
 w - a +2 flail of holy wrath
 H - a +2 broad axe of distortion (weapon)
 S - a +3 dagger of venom
Missiles
 u - 23 poisoned darts
 y - a curare-tipped dart
 A - 180 arrows
 L - 6 boomerangs (quivered)
 O - 2 throwing nets
Armour
 c - the +1 ring mail "Luostrel" (worn) {Will+ rCorr Str+2}
   (You found it on level 3 of the Dungeon)

   Str:       It affects your strength (+2).
   rCorr:     It protects you from acid and corrosion.
   Will:      It increases your willpower.
 e - the +3 leather armour "Buzumice" {rElec rC- Str+3}
   (You took it off a kobold on level 11 of the Dungeon)

   Str:       It affects your strength (+3).
   rC:        It makes you vulnerable to cold.
   rElec:     It insulates you from electricity.
 m - a +0 pair of boots (worn)
 n - a +0 helmet (worn)
 r - a +0 pair of gloves (worn)
 I - +2 steam dragon scales
 U - a +0 cloak (worn)
Jewellery
 E - a ring of magical power
 G - a ring of willpower (left hand)
 M - a ring of protection from cold (right hand)
 P - an amulet of the acrobat (around neck)
 R - an amulet of reflection
Wands
 D - a wand of flame (3)
 K - a wand of iceblast (9)
 N - a wand of mindburst (2)
 V - a wand of acid (1)
Scrolls
 h - 4 scrolls of teleportation
 j - a scroll of immolation {unknown}
 o - 2 scrolls of holy word
 p - 2 scrolls of enchant weapon
 s - 3 scrolls of enchant armour
 t - a scroll of blinking {unknown}
 v - a scroll of summoning
 z - 2 scrolls of fog {unknown}
 B - 3 scrolls of vulnerability {unknown}
 C - a scroll of noise {unknown}
 F - 2 scrolls of amnesia
 J - 3 scrolls of silence
 Q - a scroll of torment {unknown}
Potions
 d - a potion of lignification
 f - a potion of attraction
 g - 3 potions of heal wounds
 i - 6 potions of mutation
 l - a potion of flight
 q - a potion of haste
 x - a potion of resistance {unknown}
Miscellaneous
 T - a condenser vane (inert)


   Skills:
 + Level 10.1 Fighting
 + Level 7.6 Short Blades
 + Level 7.6 Long Blades
 + Level 7.6 Axes
 + Level 7.6 Maces & Flails
 + Level 7.6 Polearms
 + Level 7.6 Staves
 + Level 7.6 Slings
 + Level 7.6 Bows
 + Level 7.6 Crossbows
 + Level 7.6 Throwing
 + Level 9.0 Armour
 + Level 8.1 Dodging
 + Level 7.6 Stealth
 + Level 7.6 Shields
 + Level 9.0 Unarmed Combat
 + Level 7.6 Spellcasting
 + Level 6.3 Conjurations
 + Level 6.3 Hexes
 + Level 6.3 Summonings
 + Level 6.3 Necromancy
 + Level 6.3 Translocations
 + Level 6.3 Transmutations
 + Level 6.3 Fire Magic
 + Level 6.3 Ice Magic
 + Level 6.3 Air Magic
 + Level 6.3 Earth Magic
 + Level 6.3 Poison Magic
 + Level 9.6 Invocations
 + Level 7.6 Evocations


You had 23 spell levels left.
You knew the following spells:

 Your Spells              Type           Power      Damage    Failure   Level
a - Summon Guardian Gole  Hex/Summ       24%        N/A       4%          3

Your spell library contained the following spells:

 Spells                   Type           Power      Damage    Failure   Level
 Conjure Flame            Conj/Fire      24%        6-21      4%          3
 Gell's Gravitas          Tloc           24%        N/A       4%          3
 Ignite Poison            Fire/Tmut/Pois 24%        N/A       4%          3
 Lesser Beckoning         Tloc           24%        N/A       4%          3
 Ozocubu's Armour         Ice            24%        N/A       4%          3
 Teleport Other           Tloc           24%        N/A       4%          3
 Sticky Flame             Conj/Fire      24%        2d5       16%         4
 Metabolic Englaciation   Hex/Ice        12%        N/A       41%         5
 Simulacrum               Ice/Necr       12%        N/A       94%         6
 Orb of Destruction       Conj           12%        9d7       100%        7
 Spellforged Servitor     Conj/Summ      12%        N/A       100%        7


Dungeon Overview and Level Annotations

Branches:
Dungeon (12/15)            Temple (1/1) D:7            Lair (0/6) D:10
    Orc (0/2) D:12

Altars:
Ashenzari
Elyvilon
Fedhas
Makhleb
Nemelex Xobeh
Okawaru
Ru
Vehumet
Wu Jian
Zin
The Shining One
Beogh

Portals:
Abyss: D:7

Annotations:
D:4 exclusion: ogre
D:6 1 runed translucent door, exclusions: door and ogre, southernslant's ghost, novice DsFi
D:7 2 transporters, lonewolfV2's ghost, novice HOFi
D:8 1 runed translucent door, exclusion: door, issech's ghost, novice TrFi
D:11 6 transporters
D:12 exclusion: door, Jorgrun
Abyss:1 Fannar; Harold


Innate Abilities, Weirdness & Mutations

You have very sharp teeth.
Your uncanny sense of smell can sniff out nearby items.
Your experience applies equally to all skills.


Message History

Something unseen opens the door.
Jorgrun hits you with a staff of earth.
You turn to flesh and can move again.
Space warps around you for a moment!
H - a +2 broad axe of distortion (weapon)
Jorgrun casts a spell next to you.
The wall shatters!
The blast of rock fragments hits you!
Unknown command.
You hit Jorgrun but do no damage.
Space warps horribly around Jorgrun!
Jorgrun is lightly wounded.
Jorgrun hits you but does no damage.
You slash Jorgrun!
Space warps horribly around Jorgrun!
Your bite misses Jorgrun.
Jorgrun is moderately wounded.
Jorgrun hits you with a staff of earth. Jorgrun shatters you!
You closely miss Jorgrun.
Jorgrun is moderately wounded.
Jorgrun hits you with a staff of earth! Jorgrun shatters you!
Aiming: Corrosive Bolt
Press: ? - help, Shift-Dir - straight line, f - Jorgrun
Aim: Jorgrun, wielding a staff of earth and wearing a +0 robe (moderately wounded, 57% to hit)
The bolt of acid hits Jorgrun!
The acid corrodes Jorgrun!
Jorgrun is heavily wounded.
Jorgrun hits you with a staff of earth!
Aiming: Corrosive Bolt
Press: ? - help, Shift-Dir - straight line, f/p - Jorgrun
Aim: Jorgrun, wielding a staff of earth and wearing a +0 robe (heavily wounded, covered in acid, 57% to hit)
The bolt of acid hits Jorgrun!!
Jorgrun seems to be corroded for longer.
Jorgrun is severely wounded.
Jorgrun hits you but does no damage. Jorgrun shatters you!
* * * LOW HITPOINT WARNING * * *
Unknown command.
Aiming: Corrosive Bolt
Press: ? - help, Shift-Dir - straight line, f/p - Jorgrun
Aim: Jorgrun, wielding a staff of earth and wearing a +0 robe (severely wounded, covered in acid, 57% to hit)
The bolt of acid misses Jorgrun.
Jorgrun hits you with a staff of earth.
* * * LOW HITPOINT WARNING * * *
Jorgrun shatters you!!
You die...

#...#................#..
#...#................#..
#...#................#..
#...'................#..
#...#................#..
#...#............###.#..
#...#............#.#.#..
#...##############.###..
#......@.....÷..........
#..#####g#########......
#..#.............#......
#..#......######.#.....#
#..#......# #.....#
#..#......# #.....#
#.<#......# #.....#
#..#......# #.....#
##..#....... #...†.#


You could see Jorgrun (corroded).

Vanquished Creatures
  3 hydras
  A boulder beetle (D:11)
  A centaur warrior (D:10)
  An ogre mage (D:10)
  Pikel (D:5)
  An ugly thing (D:11)
  Maggie (D:7)
  A gargoyle (D:12)
  3 kobold demonologists (D:11)
  A tengu conjurer (D:10)
  4 trolls
  A slime creature (D:10)
  3 shadows (D:10)
  A wraith (D:9)
  A vampire (D:12)
  13 yaks
  A steam dragon (D:10)
  5 vampire mosquitoes
  4 ice beasts
  A sky beast (D:5)
  4 orc warriors
  3 necrophages
  3 ogres
  4 centaurs
  4 lemures (D:5)
  4 phantoms
  2 kobold brigands
  An elf zombie (D:5)
  A gnoll sergeant (D:8)
  A wyvern zombie (D:9)
  A bullfrog (D:8)
  A scorpion (D:7)
  A wyvern skeleton (D:5)
  12 killer bees
  A water moccasin skeleton (D:5)
  3 howler monkeys (D:10)
  5 centaur zombies
  A bullfrog zombie (D:5)
  3 hounds
  13 orc priests
  2 human skeletons (D:5)
  4 bullfrog skeletons
  2 iguanas
  8 orc wizards
  A killer bee zombie (D:6)
  A hound skeleton (D:4)
  5 gnolls (D:8)
  9 adders
  A howler monkey skeleton (D:7)
  A white imp (D:8)
  A worm (D:5)
  38 orcs
  An endoplasm (D:4)
  5 giant cockroaches
  7 goblins
  3 hobgoblins
  10 jackals
  23 kobolds
  A quokka (D:5)
  4 ball pythons
  3 bats
  3 frilled lizards
  3 orc skeletons (D:5)
  9 rats
261 creatures vanquished.

Vanquished Creatures (others)
  15 plants
15 creatures vanquished.

Grand Total: 276 creatures vanquished

Notes
Turn   | Place    | Note
-------+----------+-------------------------------------------
     0 | Abyss:1  | belegose the Gnoll Abyssal Knight began the quest for the
                  | Orb.
     0 | Abyss:1  | Reached XP level 1. HP: 23/23 MP: 3/3
    76 | Abyss:1  | Noticed a small abomination
    79 | D:1      | Escaped the Abyss
   225 | D:1      | Reached * piety under Lugonu
   273 | D:1      | Found a faded altar of an unknown god.
   278 | D:1      | Reached XP level 2. HP: 29/29 MP: 5/5
   791 | D:1      | Reached XP level 3. HP: 31/35 MP: 6/6
  1608 | D:2      | You fall into a shaft and drop 1 floor!
  1662 | D:3      | Reached skill level 1 in Short Blades
  1662 | D:3      | Reached skill level 1 in Long Blades
  1662 | D:3      | Reached skill level 1 in Axes
  1662 | D:3      | Reached skill level 1 in Maces & Flails
  1662 | D:3      | Reached skill level 1 in Polearms
  1662 | D:3      | Reached skill level 1 in Staves
  1662 | D:3      | Reached skill level 1 in Slings
  1662 | D:3      | Reached skill level 1 in Bows
  1662 | D:3      | Reached skill level 1 in Crossbows
  1662 | D:3      | Reached skill level 1 in Throwing
  1662 | D:3      | Reached skill level 1 in Stealth
  1662 | D:3      | Reached skill level 1 in Shields
  1662 | D:3      | Reached skill level 1 in Spellcasting
  1662 | D:3      | Reached skill level 1 in Evocations
  1662 | D:3      | Reached XP level 4. HP: 7/41 MP: 7/7
  2494 | D:3      | Identified the +1 ring mail "Luostrel" {Will+ rCorr Str+2}
  2809 | D:2      | Reached skill level 1 in Conjurations
  2809 | D:2      | Reached skill level 1 in Hexes
  2809 | D:2      | Reached skill level 1 in Summonings
  2809 | D:2      | Reached skill level 1 in Necromancy
  2809 | D:2      | Reached skill level 1 in Translocations
  2809 | D:2      | Reached skill level 1 in Transmutations
  2809 | D:2      | Reached skill level 1 in Fire Magic
  2809 | D:2      | Reached skill level 1 in Ice Magic
  2809 | D:2      | Reached skill level 1 in Air Magic
  2809 | D:2      | Reached skill level 1 in Earth Magic
  2809 | D:2      | Reached skill level 1 in Poison Magic
  2829 | D:3      | Reached ** piety under Lugonu
  3457 | D:3      | Reached XP level 5. HP: 47/47 MP: 8/8
  4023 | D:4      | Found a broken altar of Ashenzari.
  4347 | D:4      | Reached skill level 5 in Invocations
  4347 | D:4      | Reached XP level 6. HP: 45/53 MP: 9/9
  4469 | D:4      | Reached skill level 5 in Armour
  4469 | D:4      | Reached skill level 5 in Unarmed Combat
  4789 | D:4      | Found a radiant altar of Vehumet.
  5031 | D:4      | Found a burning altar of Makhleb.
  5034 | D:4      | Found a white marble altar of Elyvilon.
  5037 | D:4      | Found a glowing golden altar of the Shining One.
  5038 | D:4      | Found a glowing silver altar of Zin.
  5040 | D:4      | Found a sacrificial altar of Ru.
  5042 | D:4      | Found an iron altar of Okawaru.
  5044 | D:4      | Found a sparkling altar of Nemelex Xobeh.
  5048 | D:4      | Found a blossoming altar of Fedhas.
  5114 | D:5      | Entered Level 5 of the Dungeon
  5114 | D:5      | Noticed a necrophage
  5142 | D:5      | Noticed a sky beast
  5191 | D:5      | Noticed a necrophage
  5202 | D:5      | Killed a necrophage
  5238 | D:5      | Reached XP level 7. HP: 59/59 MP: 10/10
  5324 | D:5      | Reached skill level 7 in Fighting
  5351 | D:5      | Noticed Pikel
  5889 | D:5      | Reached XP level 8. HP: 29/67 MP: 12/12
  5945 | D:5      | Reached *** piety under Lugonu
  7197 | D:6      | Identified the +8 whip "Ucluish" {freeze, rC+ Str-5 Int+3}
  7237 | D:6      | Found a runed translucent door.
  7237 | D:6      | Noticed southernslant's ghost (novice DsFi)
  7316 | D:6      | Identified the +6 shortbow "Eqireq" {speed, rC- Str+2
                  | Int+6}
  7562 | D:5      | Reached XP level 9. HP: 72/73 MP: 14/14
  8118 | D:5      | Killed Pikel
  8119 | D:5      | Reached skill level 5 in Dodging
  8567 | D:1      | Learned a level 3 spell: Summon Guardian Golem
  8758 | D:7      | Reached skill level 8 in Fighting
  8863 | D:7      | Found a staircase to the Ecumenical Temple.
  8871 | Temple   | Entered the Ecumenical Temple
  8911 | D:7      | Noticed a hornet
  8916 | D:7      | Banished a hornet
  9007 | D:7      | Noticed Maggie
  9024 | D:7      | Killed Maggie
  9119 | D:7      | Reached XP level 10. HP: 63/80 MP: 17/17
  9224 | D:7      | Found a one-way gate to the infinite horrors of the Abyss.
  9224 | D:7      | Found a transporter.
  9224 | D:7      | Noticed lonewolfV2's ghost (novice HOFi)
  9228 | D:7      | Noticed a wizard
  9234 | D:7      | Found a transporter.
  9668 | D:7      | Found an ornate altar of the Wu Jian Council.
 10210 | D:8      | Reached skill level 5 in Short Blades
 10210 | D:8      | Reached skill level 5 in Long Blades
 10210 | D:8      | Reached skill level 5 in Axes
 10210 | D:8      | Reached skill level 5 in Maces & Flails
 10210 | D:8      | Reached skill level 5 in Polearms
 10210 | D:8      | Reached skill level 5 in Staves
 10210 | D:8      | Reached skill level 5 in Slings
 10210 | D:8      | Reached skill level 5 in Bows
 10210 | D:8      | Reached skill level 5 in Crossbows
 10210 | D:8      | Reached skill level 5 in Throwing
 10210 | D:8      | Reached skill level 5 in Stealth
 10210 | D:8      | Reached skill level 5 in Shields
 10210 | D:8      | Reached skill level 5 in Spellcasting
 10210 | D:8      | Reached skill level 5 in Evocations
 10332 | D:8      | Found a runed translucent door.
 10333 | D:8      | Noticed issech's ghost (novice TrFi)
 11300 | D:8      | Reached **** piety under Lugonu
 11475 | D:8      | Found a runed translucent door.
 12018 | D:9      | Noticed Harold
 12730 | D:9      | Banished Harold
 13305 | D:9      | Reached XP level 11. HP: 80/87 MP: 19/19
 13604 | D:10     | Entered Level 10 of the Dungeon
 13726 | D:9      | Reached skill level 9 in Fighting
 13773 | D:9      | Reached skill level 5 in Conjurations
 13773 | D:9      | Reached skill level 5 in Hexes
 13773 | D:9      | Reached skill level 5 in Summonings
 13773 | D:9      | Reached skill level 5 in Necromancy
 13773 | D:9      | Reached skill level 5 in Translocations
 13773 | D:9      | Reached skill level 5 in Transmutations
 13773 | D:9      | Reached skill level 5 in Fire Magic
 13773 | D:9      | Reached skill level 5 in Ice Magic
 13773 | D:9      | Reached skill level 5 in Air Magic
 13773 | D:9      | Reached skill level 5 in Earth Magic
 13773 | D:9      | Reached skill level 5 in Poison Magic
 14987 | D:10     | Noticed a centaur warrior
 14998 | D:10     | Banished a centaur warrior
 15231 | D:10     | Found a staircase to the Lair.
 15599 | D:10     | Noticed a purple ugly thing
 15600 | D:10     | Banished a purple ugly thing
 15602 | D:10     | Noticed a cyan ugly thing
 15641 | D:10     | Banished a cyan ugly thing
 15787 | D:10     | Noticed a tengu warrior
 15787 | D:10     | Noticed a cyclops
 15795 | D:10     | Noticed a centaur warrior
 15796 | D:10     | Banished a tengu warrior
 15866 | D:10     | Killed a centaur warrior
 15966 | D:10     | Noticed an ogre mage
 15972 | D:10     | Killed an ogre mage
 15973 | D:10     | Reached XP level 12. HP: 96/96 MP: 22/22
 16658 | D:11     | Found a transporter.
 16707 | D:11     | Found a transporter.
 16821 | D:11     | Noticed a boulder beetle
 16844 | D:11     | Killed a boulder beetle
 17040 | D:11     | Noticed an eight-headed hydra
 17060 | D:11     | Killed an eight-headed hydra
 17253 | D:11     | Identified the +3 leather armour "Buzumice" {rElec rC-
                  | Str+3}
 17929 | D:11     | Found a transporter.
 17933 | D:11     | Found a transporter.
 17938 | D:11     | Found a transporter.
 17944 | D:11     | Found a transporter.
 18492 | D:12     | Noticed a seven-headed hydra
 18500 | D:12     | Killed a seven-headed hydra
 18846 | D:12     | Noticed Fannar
 18867 | D:12     | Banished Fannar
 18868 | D:12     | Reached skill level 10 in Fighting
 19378 | D:12     | Found a staircase to the Orcish Mines.
 19397 | D:12     | Noticed a six-headed hydra
 19685 | D:12     | Killed a six-headed hydra
 19997 | D:12     | Noticed Jorgrun
 20014 | D:12     | Slain by Jorgrun

Illustrated notes

Levels and vault maps discovered:
D:1:      amcnicky_arrival_choice, layout_basic, ebering_ecumenical_altar_ruins,
          hangedman_decor_clover_reticule
D:2:      layout_basic, supply_closet_lemuel
D:3:      layout_loops_corners, minmay_close_crescents
D:4:      nicolae_cairo_tiling_very_big, layout_loops_ring,
          nicolae_overflow_hallway_of_the_gods,
          mainiacjoe_overflow_surrounded_room, kennysheep_little_box,
          chequers_mini_garden
D:5:      layout_basic, nicolae_ossuary_entry_catacombs,
          nicolae_concentric_dashed_squares_wild, grunt_ministairs_2,
          serial_bayou_pond_c, chequers_serial_rivers_small_b,
          minmay_misc_feat_four_crosses, uniq_pikel
D:6:      layout_basic, hellmonk_ghost_happy_afterlife,
          nicolae_elevator_lobby_plus
D:7:      layout_cave_pods, lemuel_crystal_altar,
          minmay_temple_entry_large_hall, gammafunk_ghost_abyssal_escape,
          uniq_maggie
D:8:      layout_loops_cross, ebering_ghost_reflecting_pool
D:9:      layout_long_grid, uniq_harold
D:10:     layout_cave_pools, dpeg_oklobed_lair, grunt_ministairs_4,
          minmay_the_grid_2x2 [minmay_the_grid_minigrid_large,
          minmay_the_grid_large_cup, minmay_the_grid_zigzag_pyramid,
          minmay_the_grid_prize_trominoes]
D:11:     layout_irregular_city, serial_nicolae_subway,
          nicolae_sub_station_stone, nicolae_sub_station_metal,
          nicolae_sub_station_crystal
D:12:     layout_irregular_city, minmay_orc_entry_temple_small, uniq_fannar,
          uniq_jorgrun
Temple:   minmay_temple_curvy_loop

Skill      XL: |  1  2  3  4  5  6  7  8  9 10 11 12 |
---------------+-------------------------------------+-----
Short Blades   | 1 2 3 4 5 6 7 |  7.6
Long Blades    | 1 2 3 4 5 6 7 |  7.6
Axes           | 1 2 3 4 5 6 7 |  7.6
Maces & Flails | 1 2 3 4 5 6 7 |  7.6
Polearms       | 1 2 3 4 5 6 7 |  7.6
Staves         | 1 2 3 4 5 6 7 |  7.6
Slings         | 1 2 3 4 5 6 7 |  7.6
Bows           | 1 2 3 4 5 6 7 |  7.6
Crossbows      | 1 2 3 4 5 6 7 |  7.6
Throwing       | 1 2 3 4 5 6 7 |  7.6
Stealth        | 1 2 3 4 5 6 7 |  7.6
Shields        | 1 2 3 4 5 6 7 |  7.6
Spellcasting   | 1 2 3 4 5 6 7 |  7.6
Evocations     | 1 2 3 4 5 6 7 |  7.6
Conjurations   | 1 2 3 4 5 6 |  6.3
Hexes          | 1 2 3 4 5 6 |  6.3
Summonings     | 1 2 3 4 5 6 |  6.3
Necromancy     | 1 2 3 4 5 6 |  6.3
Translocations | 1 2 3 4 5 6 |  6.3
Transmutations | 1 2 3 4 5 6 |  6.3
Fire Magic     | 1 2 3 4 5 6 |  6.3
Ice Magic      | 1 2 3 4 5 6 |  6.3
Air Magic      | 1 2 3 4 5 6 |  6.3
Earth Magic    | 1 2 3 4 5 6 |  6.3
Poison Magic   | 1 2 3 4 5 6 |  6.3
Dodging        | 3 4 5 6 7 8 |  8.1
Invocations    | 5 6 7 8 9 |  9.6
Armour         | 5 6 7 8 9 |  9.0
Unarmed Combat | 5 6 7 8 9 |  9.0
Fighting       | 7 8 9 10 | 10.1

Action                   |  1- 3 |  4- 6 |  7- 9 | 10-12 || total
-------------------------+-------+-------+-------+-------++-------
Melee: Unarmed           |    95 |       |       |       ||    95
       Bite              |     9 |    20 |    48 |    49 ||   126
       Punch             |     3 |     1 |    13 |    23 ||    40
       Spear             |    25 |    63 |       |       ||    88
       Mace              |       |    60 |   175 |    84 ||   319
       Flail             |       |     5 |   121 |    58 ||   184
       Whip              |       |       |    46 |       ||    46
       Broad axe         |       |       |       |   218 ||   218
       Long sword        |       |       |       |    55 ||    55
       Dagger            |       |       |       |    14 ||    14
 Fire: Shortbow          |       |       |    27 |   179 ||   206
Throw: Dart              |       |       |       |     7 ||     7
       Boomerang         |       |       |       |     2 ||     2
 Cast: Summon Guardian G |       |       |       |     2 ||     2
Invok: Depart the Abyss  |     1 |       |       |       ||     1
       Banish            |       |       |     1 |    16 ||    17
Evoke: Wand              |       |       |       |    15 ||    15
       Condenser vane    |       |       |       |     1 ||     1
  Use: Potion            |       |       |     1 |     3 ||     4
       Scroll            |       |       |       |    13 ||    13
 Stab: Sleeping          |       |     1 |     5 |       ||     6
Armor: Leather armour    |     7 |       |       |       ||     7
       Ring mail         |    29 |    56 |   163 |   191 ||   439
       Steam dragon scal |       |       |       |     7 ||     7
Dodge: Dodged            |    62 |    88 |   199 |   301 ||   650

Table legend: (Time is in decaauts)
 A = Elapsed time spent in this place.
 B = Non-inter-level travel time spent in this place.
 C = Inter-level travel time spent in this place.
 D = Time resting spent in this place.
 E = Time spent auto-exploring this place.
 F = Levels seen in this place.
 G = Mean time per level.
                   A        B        C        D        E       F      G
               +--------+--------+--------+--------+--------+-----+--------+
         Total |  20110 |  18575 |   1535 |   4346 |   8786 |  14 | 1436.4 |
       Dungeon |  20030 |  18495 |   1535 |   4346 |   8786 |  12 | 1669.2 |
        Temple |      1 |      1 |      0 |      0 |      0 |   1 |    1.0 |
         Abyss |     79 |     79 |      0 |      0 |      0 |   1 |   79.0 |
               +--------+--------+--------+--------+--------+-----+--------+

Top non-repeatable levels by time:
    D:10: 2377 daAuts
     D:9: 2353 daAuts
     D:8: 2077 daAuts
     D:5: 1969 daAuts
    D:11: 1716 daAuts
     D:3: 1613 daAuts
    D:12: 1481 daAuts
     D:2: 1407 daAuts
     D:7: 1285 daAuts
     D:4: 1277 daAuts
     D:6: 1261 daAuts
     D:1: 1209 daAuts
 Abyss:1: 79 daAuts
  Temple: 1 daAuts
